 Dungeon Crawl Stone Soup version 0.31-a0-204-g7da18cac08 (webtiles) character file.

Game seed: 10710406120239419718

71 qw the Shooter (level 4, -2/25 HPs)
             Began as a Deep Elf Hunter on June 27, 2023.
             Slain by an orc
             ... wielding a +0 flail
              (5 damage)
             ... on level 3 of the Dungeon.
             The game lasted 00:00:32 (1293 turns).

qw the Shooter (Deep Elf Hunter)                    Turns: 1293, Time: 00:00:33

Health: -2/25      AC:  7    Str: 10    XL:     4   Next: 5%
Magic:  6/6        EV: 11    Int: 14    God:
Gold:   167        SH:  0    Dex: 18    Spells: 3/3 levels left

rFire   . . .        Y - +0 shortbow
rCold   . . .        (shield currently unavailable)
rNeg    . . .        e - +0 ring mail
rPois   .            b - +0 helmet
rElec   .            (no cloak)
rCorr   .            (no gloves)
SInv    .            h - +0 pair of boots
Will    .....        (no amulet)
Stlth   +            (no ring)
HPRegen 0.24/turn    (no ring)
MPRegen 0.10/turn

%: no passive effects
@: no status effects
A: no striking features
a: no special abilities


You were on level 3 of the Dungeon.
You visited 1 branch of the dungeon, and saw 3 of its levels.

You collected 167 gold pieces.


   Skills:
 - Level 1.5 Fighting
 + Level 7.5 Ranged Weapons
 - Level 2.4 Dodging
 - Level 1.2 Stealth


You had 3 spell levels left.
You didn't know any spells.
Your spell library was empty.

Inventory:

Hand Weapons
 Y - a +0 shortbow (weapon)
Armour
 b - a +0 helmet (worn)
 e - a +0 ring mail (worn)
 h - a +0 pair of boots (worn)
Scrolls
 a - 2 scrolls of identify
 c - a scroll of teleportation {unknown}
Potions
 d - a potion of lignification {unknown}
 g - a potion of resistance

Dungeon Overview and Level Annotations

Branches:
Dungeon (3/15)

Altars:


Message History

The arrow barely misses the orc.
The orc throws a boomerang.
The boomerang closely misses you. Something hits you.
You shoot an arrow.
You hear some strange, mumbled words.
Something tries to affect you, but you resist.
You shoot an arrow. The arrow closely misses the orc.
The arrow hits the orc but does no damage.
Something hits you but does no damage.
You shoot an arrow.
The arrow hits the orc but does no damage.
The orc hits you with a +0 dagger.
You hear some strange, mumbled words.
A puff of flame appears from out of thin air!
The puff of flame hits you.
You hear some strange, mumbled words.
A magic dart appears from out of thin air!
The magic dart hits you. The orc misses you.
You shoot an arrow. The arrow hits the orc.
The orc is lightly wounded.
The orc closely misses you. Something hits you.
You shoot an arrow.
The arrow hits the orc but does no damage.
The orc is lightly wounded.
The orc hits you with a +0 dagger. Something hits you.
You shoot an arrow. The arrow barely misses the orc.
The orc hits you but does no damage. Something hits you but does no damage.
You shoot an arrow. The arrow hits the orc!
You kill the orc!
Something hits you but does no damage. The orc hits you with a +0 flail.
You hear some strange, mumbled words.
A puff of flame appears from out of thin air!
The puff of flame misses you.
You shoot an arrow. The arrow closely misses the orc.
You hear some strange, mumbled words.
Something tries to affect you, but you resist.
The orc barely misses you.
You shoot an arrow. The arrow completely misses the orc.
Something hits you but does no damage. The orc hits you with a +0 flail.
You die...

#..#...#. ...# .
#..'(..#. ...
.P####.).#) ## #).
.....##)##. . #..
...8....... #.#.#
##......... #.#.#
##+##..#'# #.o{#
#..#). #@#######
#..#..
#.P.....#####..###
#.................
################..
#.# #.# #.> #.#
#.#


You could see an orc.

Vanquished Creatures
  An adder (D:2)
  6 orcs (D:3)
  7 endoplasms
  7 goblins
  6 hobgoblins
  3 kobolds
  3 quokkas
  4 ball pythons (D:1)
  4 bats
  6 frilled lizards
  4 rats
51 creatures vanquished.

Notes
Turn   | Place    | Note
-------+----------+-------------------------------------------
     0 | D:1      | qw the Deep Elf Hunter began the quest for the Orb.
     0 | D:1      | Reached XP level 1. HP: 12/12 MP: 3/3
     0 | D:1      | 0 ||| qw: Version: 0.3-a-22-g0ed2b0b
     0 | D:1      | 0 ||| qw: Game counter: 6367
     0 | D:1      | 0 ||| qw: Melee chars always use a shield: true
     0 | D:1      | 0 ||| qw: God list: Okawaru
     0 | D:1      | 0 ||| qw: Allow faded altars: false
     0 | D:1      | 0 ||| qw: Do Orc after clearing Dungeon:15 true
     0 | D:1      | 0 ||| qw: Do second Lair branch before Depths: true
     0 | D:1      | 0 ||| qw: Lair rune preference: random
     0 | D:1      | 0 ||| qw: Goals: Normal
     0 | D:1      | 0 ||| PLANNING D:1-11
   125 | D:1      | Reached XP level 2. HP: 16/16 MP: 4/4
   133 | D:1      | Reached skill level 6 in Ranged Weapons
   490 | D:1      | 490 ||| UPGRADING to +0 ring mail.
   500 | D:1      | 500 ||| DROPPING +0 leather armour.
   501 | D:1      | 501 ||| UPGRADING to +0 pair of boots.
   506 | D:1      | 506 ||| READING 2 scrolls labelled LALYUF JON.
   507 | D:1      | 507 ||| DROPPING scroll of butterflies.
   577 | D:2      | Reached XP level 3. HP: 10/20 MP: 5/5
   748 | D:2      | Reached skill level 7 in Ranged Weapons
   964 | D:2      | 964 ||| UPGRADING to +0 helmet.
   969 | D:2      | 969 ||| READING scroll labelled BIROSCH ZICS.
   970 | D:2      | 970 ||| READING scroll labelled WEK LAHAEVOX.
   971 | D:2      | 971 ||| DRINKING 2 murky golden potions.
  1284 | D:3      | Reached XP level 4. HP: 25/25 MP: 6/6
  1289 | D:3      | HP: 5/25 [something (3)]
  1291 | D:3      | HP: 2/25 [orc/+0 flail (4)]
  1293 | D:3      | Slain by an orc

Levels and vault maps discovered:
D:1:      evilmike_arrival_fibonacci_small, layout_basic, minivault_5,
          hangedman_abyss_or_decor_stabs, chequers_serial_rivers_micro_c,
          minmay_misc_feat_chi
D:2:      layout_basic
D:3:      corexii_shack_village, layout_basic, nicolae_qazlal_beasts_of_the_sky,
          serial_shops, nicolae_shop_tiny_statue_garden

Skill      XL: |  1  2  3 |
---------------+----------+-----
Ranged Weapons | 6 7 |  7.5
Fighting       | |  1.5
Dodging        | |  2.4
Stealth        | |  1.2

Action                     |  1- 3 |  4- 6 || total
---------------------------+-------+-------++-------
   Fire: Shortbow          |   105 |    10 ||   115
    Use: Scroll            |     3 |       ||     3
         Potion            |     1 |       ||     1
 Armour: Ring mail         |    16 |     5 ||    21
         Leather armour    |     2 |       ||     2
  Dodge: Dodged            |    21 |     5 ||    26

Table legend:
 A = Non-vault XP
 B = Vault XP
 C = Vault XP percentage of total XP
 D = Non-vault monster count
 E = Vault monster count
 F = Vault count percentage of total count
                 A         B        C        D         E       F
            +---------+---------+-------+---------+---------+-------
      Total |      85 |      17 |  16.7 |      43 |       8 |  15.7
            +---------+---------+-------+---------+---------+-------
        D:1 |      36 |       0 |   0.0 |      22 |       0 |   0.0
        D:2 |      39 |       0 |   0.0 |      17 |       0 |   0.0
        D:3 |      10 |      17 |  63.0 |       4 |       8 |  66.7
            +---------+---------+-------+---------+---------+-------
